 Dungeon Sprint DCSS version 0.26-a0-694-g74916bafe0 (webtiles) character file.

Game seed: 16635540049954667000

110 ANON1729 the Sneak (level 4, -5/21 HPs)
             Began as a Spriggan Conjurer on Oct 25, 2020.
             Was an Initiate of Vehumet.
             Slain by a troll (6 damage)
             ... in the Dungeon (Sprint IX: "|||||||||||||||||||||||||||||").
             The game lasted 00:02:15 (653 turns).

ANON1729 the Sneak (Spriggan Conjurer)               Turns: 653, Time: 00:02:16

Health: -5/21      AC:  2    Str:  6    XL:     4   Next: 61%
Magic:  0/13       EV: 24    Int: 20    God:    Vehumet [......]
Gold:   0          SH:  0    Dex: 14    Spells: 12/15 levels left

rFire    . . .     SeeInvis +   (weapon restricted)
rCold    . . .     Faith    .   (shield restricted)
rNeg     . . .     Spirit   .   a - +0 robe
rPois    .         Reflect  .   (helmet restricted)
rElec    .         Harm     .   (no cloak)
rCorr    .         Rampage  .   (gloves unavailable)
MR       .....     NoTele   +   (boots unavailable)
Stlth    ++++......             (no amulet)
HPRegen  0.07/turn              m - +3 ring of strength
MPRegen  0.13/turn              l - +2 ring of evasion

@: very quick
A: very small, unfitting armour, see invisible, speed 3
a: Renounce Religion


You were in the Dungeon.
You worshipped Vehumet.
Vehumet was noncommittal.
You visited 1 branch

Inventory:

Armour
 a - a +0 robe (worn)
Jewellery
 l - a +2 ring of evasion (right hand)
 m - a +3 ring of strength (left hand)
Wands
 k - a wand of acid (10)
Scrolls
 h - 2 scrolls of blinking
 i - 3 scrolls of remove curse
 j - 2 scrolls of amnesia
Potions
 b - a potion of invisibility
 c - 5 potions of curing
 d - 2 potions of heal wounds
 e - a potion of haste
 f - 4 potions of magic
 g - a potion of berserk rage


   Skills:
 + Level 7.2 Dodging
 + Level 7.7 Stealth
 + Level 6.1 Spellcasting
 + Level 4.6 Conjurations


You had 12 spell levels left.
You knew the following spells:

 Your Spells              Type           Power        Failure   Level
a - Magic Dart            Conj           ###.         1%          1
b - Searing Ray           Conj           ###...       2%          2

Your spell library contained the following spells:

 Spells                   Type           Power        Failure   Level
 Dazzling Flash           Conj/Hex       ###...       12%         3
 Fulminant Prism          Conj/Hex       ###.......   38%         4
 Iskenderun's Mystic Bla  Conj/Tloc      ###.....     38%         4


Dungeon Overview and Level Annotations

Branches:
Dungeon (1/1)

Altars:
Cheibriados
Dithmenos
Elyvilon
Fedhas
Gozag
Hepliaklqana
Kikubaaqudgha
Makhleb
Nemelex Xobeh
Okawaru
Qazlal
Ru
Sif Muna
Trog
Uskayaw
Vehumet
Wu Jian
Xom
Yredelemnul
Zin
The Shining One
Beogh
Jiyva
Lugonu


Innate Abilities, Weirdness & Mutations

You are very small and have problems with some larger weapons.
You are too small for most types of armour.
You have supernaturally acute eyesight. (SInv)
You cover ground extremely quickly.


Message History

The searing ray misses the troll.
The troll completely misses you. The troll misses you. x2
The searing ray hits the troll.
The troll is heavily wounded.
You finish channeling your searing ray.
The troll bites you!!
Ouch! That really hurt!
* * * LOW HITPOINT WARNING * * *
The troll claws you.
* * * LOW HITPOINT WARNING * * *
The troll completely misses you.
Casting: Searing Ray (safe; 2% risk of failure)
Confirm with . or Enter, or press ? or * to list all spells.
Aiming: Magic Dart (safe; 1% risk of failure)
Press: ? - help, Shift-Dir - straight line, f/p - troll
Aim: a troll (heavily wounded)
The magic dart hits the troll.
The troll is severely wounded.
The troll closely misses you. The troll completely misses you.
The troll claws you.
You die...

▓▓▓
▓@▓
▓T▓
▓.▓
▓(▓
▓'▓
▓)▓
▓.▓
▓.▓
▓.▓


You could see a troll.

Vanquished Creatures
  An ogre (D)
  A shadow imp (D)
  An ufetubus (D)
  An adder skeleton (D)
  An adder zombie (D)
  A giant cockroach (D)
  A bat (D)
  2 kobolds (D)
  A quokka skeleton (D)
  2 rats (D)
12 creatures vanquished.

Notes
Turn   | Place    | Note
-------+----------+-------------------------------------------
     0 | D        | ANON1729 the Spriggan Conjurer began the quest for the Orb.
     0 | D        | Reached XP level 1. HP: 9/9 MP: 5/5
   146 | D        | Reached XP level 2. HP: 13/13 MP: 0/7
   505 | D        | Found a roughly hewn altar of Beogh.
   505 | D        | Found a snail-covered altar of Cheibriados.
   505 | D        | Found a shadowy altar of Dithmenos.
   505 | D        | Found a white marble altar of Elyvilon.
   505 | D        | Found a blossoming altar of Fedhas.
   505 | D        | Found an opulent altar of Gozag.
   506 | D        | Found a hazy altar of Hepliaklqana.
   507 | D        | Found a viscous altar of Jiyva.
   508 | D        | Found an ancient bone altar of Kikubaaqudgha.
   509 | D        | Found a corrupted altar of Lugonu.
   510 | D        | Found a burning altar of Makhleb.
   511 | D        | Found a sparkling altar of Nemelex Xobeh.
   512 | D        | Found an iron altar of Okawaru.
   513 | D        | Found a stormy altar of Qazlal.
   514 | D        | Found a sacrificial altar of Ru.
   515 | D        | Found a shimmering blue altar of Sif Muna.
   516 | D        | Found a bloodstained altar of Trog.
   517 | D        | Found a hide-covered altar of Uskayaw.
   518 | D        | Found a radiant altar of Vehumet.
   519 | D        | Found an ornate altar of the Wu Jian Council.
   520 | D        | Found a shimmering altar of Xom.
   521 | D        | Found a basalt altar of Yredelemnul.
   522 | D        | Found a glowing silver altar of Zin.
   523 | D        | Found a glowing golden altar of the Shining One.
   526 | D        | Became a worshipper of Vehumet
   562 | D        | Noticed an ogre
   562 | D        | Noticed a troll
   562 | D        | Noticed a bullfrog
   562 | D        | Noticed a killer bee
   567 | D        | Learned a level 2 spell: Searing Ray
   573 | D        | Killed an ogre
   573 | D        | Reached XP level 3. HP: 16/16 MP: 4/11
   573 | D        | Reached XP level 4. HP: 21/21 MP: 4/13
   652 | D        | HP: 1/21 [troll (1)]
   653 | D        | Slain by a troll

Illustrated notes

Levels and vault maps discovered:
D:        linesprint [early_d, line_temple, items_1, d_10, items_2, lair_1,
          lair_end, items_3, orc_1, orc_end, items_4, d_15, swamp_1, shoals_1,
          snake_1, spider_1, d_20, vaults_1, items_5, swamp_end, shoals_end,
          snake_end, spider_end, vaults_end, d_27, items_6, zot_1, zot_end,
          crypt_end, forest_end, elf_end, slime_end, tomb_end, abyss_end,
          pan_hell_end]

Skill      XL: |  1  2 |
---------------+-------+-----
Conjurations   | 3 4 |  4.6
Spellcasting   | 3 6 |  6.1
Dodging        | 4 7 |  7.2
Stealth        | 4 7 |  7.7

Action                   |  1- 3 |  4- 6 || total
-------------------------+-------+-------++-------
Melee: Unarmed           |    50 |       ||    50
 Cast: Magic Dart        |    26 |     5 ||    31
       Searing Ray       |     1 |     1 ||     2
  Use: Potion            |     1 |       ||     1
Armor: Robe              |     8 |       ||     8
Dodge: Dodged            |    52 |     6 ||    58

Table legend: (Time is in decaauts)
 A = Elapsed time spent in this place.
 B = Non-inter-level travel time spent in this place.
 C = Inter-level travel time spent in this place.
 D = Time resting spent in this place.
 E = Time spent auto-exploring this place.
 F = Levels seen in this place.
 G = Mean time per level.
                   A        B        C        D        E       F      G
               +--------+--------+--------+--------+--------+-----+--------+
         Total |    596 |    596 |      0 |    301 |     95 |   1 |  596.0 |
       Dungeon |    596 |    596 |      0 |    301 |     95 |   1 |  596.0 |
               +--------+--------+--------+--------+--------+-----+--------+

Top non-repeatable levels by time:
       D: 596 daAuts
